 Dungeon Crawl Stone Soup version 0.30-a0-451-ge042605de7 (webtiles) character file.

Game seed: 3334378702582001387

2376 funkygono the Firebug (level 9, -1/59 HPs)
             Began as a Demonspawn Fire Elementalist on Dec 11, 2022.
             Slain by an orange demon (11 damage)
             ... led by Amaemon
             ... on level 8 of the Dungeon.
             The game lasted 00:12:12 (7404 turns).

funkygono the Firebug (DsFE)                        Turns: 7404, Time: 00:12:13

Health: -1/59      AC:  5    Str:  8    XL:     9   Next: 21%
Magic:  14/19      EV: 12    Int: 21    God:
Gold:   241        SH:  6    Dex: 14    Spells: 6/22 levels left

rFire   . . .      SeeInvis .    g - +2 whip
rCold   . . .      Faith    .    (no shield)
rNeg    . . .      Spirit   .    a - +0 robe
rPois   .          Reflect  .    (no helmet)
rElec   .          Harm     .    n - +1 cloak
rCorr   .          Rampage  .    f - +0 pair of gloves
Will    .....                    (no boots)
Stlth   ++........               (no amulet)
HPRegen 0.29/turn                (no ring)
MPRegen 0.16/turn                (no ring)

@: lethally poisoned (-1 -> -18), slowed, very slow
A: hooves 2, large bone plates 2, demonic guardian 2
a: no special abilities


You were on level 8 of the Dungeon.
You visited 2 branches of the dungeon, and saw 9 of its levels.

You collected 241 gold pieces.

Inventory:

Hand Weapons
 g - a +2 whip (weapon)
Armour
 a - a +0 robe (worn)
 f - a +0 pair of gloves (worn)
 n - a +1 cloak (worn)
Magical Staves
 w - a staff of cold
Jewellery
 i - an amulet of faith
 j - an amulet of guardian spirit
 t - a ring of ice
Wands
 h - a wand of charming (7)
 r - a wand of polymorph (10)
Scrolls
 k - 6 scrolls of teleportation
 m - a scroll of magic mapping
 q - a scroll of fog
 s - a scroll of vulnerability
 u - a scroll of poison
Potions
 b - a potion of invisibility {unknown}
 c - 3 potions of degeneration {unknown}
 d - 3 potions of brilliance
 e - a potion of heal wounds {unknown}
 l - 2 potions of might
 o - 2 potions of curing {unknown}
 p - a potion of attraction {unknown}
 v - a potion of lignification {unknown}


   Skills:
 + Level 1.2 Fighting
 + Level 1.0 Maces & Flails
 + Level 2.7 Dodging
 - Level 1.7 Stealth
 + Level 0.1 Shields
 + Level 7.1 Spellcasting
 + Level 4.7 Conjurations
 + Level 7.6 Fire Magic
 * Level 1.4 Earth Magic


You had 6 spell levels left.
You knew the following spells:

 Your Spells              Type           Power      Damage    Failure   Level
a - Foxfire               Conj/Fire      100%       2x1d9     1%          1
b - Scorch                Fire           78%        2d8       1%          2
c - Kindle Blastsparks    Fire/Tloc/Air  36%        2d13      10%         3
d - Flame Wave            Conj/Fire      33%        2d10      7%          4
e - Iron Shot             Conj/Erth      10%        9d3       98%         6

Your spell library contained the following spells:

 Spells                   Type           Power      Damage    Failure   Level
 Inner Flame              Hex/Fire       23%        N/A       5%          3
 Freeze                   Ice            28%        1d5       9%          1
 Passwall                 Tmut/Erth      8%         N/A       10%         2
 Dazzling Flash           Conj/Hex       34%        N/A       10%         3
 Hailstorm                Conj/Ice       17%        3d6       10%         3
 Ensorcelled Hibernation  Hex/Ice        14%        N/A       13%         2
 Frozen Ramparts          Ice            14%        1d3       26%         3
 Swiftness                Air            7%         N/A       26%         3
 Fulminant Prism          Conj/Hex       8%         3d7       32%         4
 Iskenderun's Mystic Bla  Conj/Tloc      17%        2d5       32%         4
 Iskenderun's Battlesphe  Conj           27%        2d8       34%         5
 Cause Fear               Hex            3%         N/A       65%         4
 Ice Form                 Ice/Tmut       7%         N/A       65%         4
 Lee's Rapid Deconstruct  Erth           6%         3d6*      78%         5
 Agony                    Necr           7%         N/A       94%         5
 Silence                  Hex/Air        3%         N/A       94%         5
 Simulacrum               Ice/Necr       3%         N/A       100%        6
 Spellforged Servitor     Conj/Summ      8%         N/A       100%        7
 Discord                  Hex            3%         N/A       100%        8


Dungeon Overview and Level Annotations

Branches:
Dungeon (8/15)             Temple (1/1) D:7
   Lair: D:8-11

Altars:
Ashenzari
Cheibriados
Dithmenos
Fedhas
Gozag
Hepliaklqana
Kikubaaqudgha
Makhleb
Nemelex Xobeh
Okawaru
Qazlal
Sif Muna
Trog
Uskayaw
Vehumet
Wu Jian
Xom

Annotations:
D:7 3 runed translucent doors, kae's ghost, novice DrTm
D:8 Amaemon


Innate Abilities, Weirdness & Mutations

You have hoof-like feet.
You are mostly covered in large bone plates. (SH +6)
A demonic guardian rushes to your aid.


Message History

The orange demon seems to grow toxic.
A white imp comes into view.
Amaemon mumbles some strange words.
The orange demon stings you from afar.
You are poisoned.
You have difficulty breathing.
You feel yourself slow down.
Casting: Scorch (safe; 1% risk of failure)
Confirm with . or Enter, or press ? or * to list all spells.
Casting: Flame Wave (dangerous; 7% risk of failure)
Press: ? - help, Dir - look around, f - activate A wave of flame ripples out!
The flame wave engulfs the scorpion!
The scorpion is severely wounded.
The flame wave engulfs Amaemon!
Amaemon is lightly wounded. (Press . to intensify the flame waves.)
You feel very sick.
Amaemon hits you with a +1 demon whip of venom!
Amaemon claws you. Amaemon closely misses you. The scorpion stings you.
The orange demon closely misses you.
A wave of flame ripples out!
The flame wave engulfs the scorpion.
The scorpion is almost dead.
The flame wave engulfs Amaemon!
Amaemon is moderately wounded.
The flame wave engulfs the scorpion!
The scorpion is heavily wounded.
The flame wave engulfs the orange demon!
The orange demon is lightly wounded.
You feel very sick. The scorpion stings you. You block the scorpion's attack.
Amaemon gestures wildly while chanting.
The orange demon misses you. The scorpion stings you.
You block the scorpion's attack.
Amaemon hits you with a +1 demon whip of venom.
* * * LOW HITPOINT WARNING * * *
You are lethally poisoned!
Amaemon claws you.
* * * LOW HITPOINT WARNING * * *
A demonic guardian appears!
You block Amaemon's attack. The orange demon stings you from afar!
You die...

########## ...
......$..## #..
..#.....#### #.#
....s.....# #.#
#.4..4##.# #.# #.6s#
#.# #.#
...###@####.######.#
.....$sTs...........#
#...###.####.######(#
## #5# #.# #.# #.#
#.######.#### ...
............. ...
..######.#### ...#
#### #.##.. ###
#....#


You could see Amaemon, an orange demon (curare), a troll, 4 scorpions, a white
imp and a friendly orange demon (summoned).

Vanquished Creatures
  Prince Ribbit (D:5)
  A sky beast (D:8)
  A black bear (D:5)
  2 ice beasts
  An orc warrior (D:8)
  2 ogres
  3 centaurs
  A phantom (D:7)
  A kobold brigand (D:7)
  2 bullfrogs
  5 scorpions
  3 howler monkeys (D:8)
  3 jellies
  An orc priest (D:3)
  4 hounds
  4 iguanas
  2 orc wizards
  3 adders
  A shadow imp (D:7)
  An ufetubus (D:6)
  2 worms (D:5)
  2 dart slugs
  15 orcs
  5 ball pythons
  3 bats (D:2)
  4 endoplasms
  5 giant cockroaches
  4 hobgoblins
  2 quokkas
  3 frilled lizards
  7 goblins
  14 kobolds
  4 rats (D:1)
112 creatures vanquished.

Vanquished Creatures (collateral kills)
  A steam dragon (D:7)
  An orc (D:3)
2 creatures vanquished.

Vanquished Creatures (others)
  359 foxfires
359 creatures vanquished.

Grand Total: 473 creatures vanquished

Notes
Turn   | Place    | Note
-------+----------+-------------------------------------------
     0 | D:1      | funkygono the Demonspawn Fire Elementalist began the quest
                  | for the Orb.
     0 | D:1      | Reached XP level 1. HP: 13/13 MP: 3/3
   365 | D:1      | Gained mutation: A weak demonic guardian rushes to your
                  | aid. [demonic ancestry]
   365 | D:1      | Reached XP level 2. HP: 16/19 MP: 0/5
  1172 | D:2      | Gained mutation: You have large cloven feet. [demonic
                  | ancestry]
  1172 | D:2      | Reached XP level 3. HP: 24/24 MP: 3/6
  1532 | D:2      | Learned a level 2 spell: Scorch
  1536 | D:2      | Learned a level 3 spell: Kindle Blastsparks
  2270 | D:3      | Found a sparkling altar of Nemelex Xobeh.
  2545 | D:3      | Reached XP level 4. HP: 30/30 MP: 0/8
  3090 | D:4      | Gained mutation: A demonic guardian rushes to your aid.
                  | [demonic ancestry]
  3090 | D:4      | Reached XP level 5. HP: 36/36 MP: 3/9
  3661 | D:4      | Noticed an ogre
  3667 | D:4      | Killed an ogre
  3668 | D:4      | Reached XP level 6. HP: 42/42 MP: 4/11
  3834 | D:5      | Entered Level 5 of the Dungeon
  4054 | D:5      | Noticed Prince Ribbit
  4059 | D:5      | Killed Prince Ribbit
  4060 | D:5      | Reached skill level 5 in Fire Magic
  4060 | D:5      | Gained mutation: You are partially covered in large bone
                  | plates. (SH +4) [demonic ancestry]
  4060 | D:5      | Reached XP level 7. HP: 47/47 MP: 5/14
  4250 | D:5      | Reached skill level 1 in Fighting
  4250 | D:5      | Reached skill level 1 in Maces & Flails
  4250 | D:5      | Reached skill level 5 in Spellcasting
  4734 | D:5      | Learned a level 4 spell: Flame Wave
  4764 | D:6      | Found a shadowy altar of Dithmenos.
  5045 | D:6      | Gained mutation: You have hoof-like feet. [demonic
                  | ancestry]
  5045 | D:6      | Reached XP level 8. HP: 54/54 MP: 10/16
  6568 | D:7      | Found a staircase to the Ecumenical Temple.
  6672 | Temple   | Entered the Ecumenical Temple
  6672 | Temple   | Found a transporter.
  6672 | Temple   | Found a transporter.
  6674 | Temple   | Found a transporter.
  6674 | Temple   | Found a transporter.
  6737 | D:7      | Found a runed translucent gate.
  6737 | D:7      | Noticed kae's ghost (novice DrTm)
  6738 | D:7      | Found a runed translucent gate.
  6739 | D:7      | Found a runed translucent gate.
  7081 | D:7      | Learned a level 6 spell: Iron Shot
  7126 | D:8      | Gained mutation: You are mostly covered in large bone
                  | plates. (SH +6) [demonic ancestry]
  7126 | D:8      | Reached XP level 9. HP: 25/59 MP: 13/19
  7127 | D:8      | Reached skill level 1 in Earth Magic
  7401 | D:8      | Noticed Amaemon
  7401 | D:8      | Noticed an orange demon
  7401 | D:8      | Noticed a troll
  7404 | D:8      | Slain by an orange demon

Illustrated notes

Levels and vault maps discovered:
D:1:      minmay_arrival_open_corners, layout_basic
D:2:      layout_basic
D:3:      layout_rooms, mainiacjoe_overflow_brackets
D:4:      layout_basic
D:5:      layout_cave_pools, nrook_campfire, uniq_prince_ribbit1
D:6:      layout_basic, nicolae_dithmenos_shadow_blocks, serial_corexii_hall,
          corexii_hall_statues_deadend, corexii_hall_statues_t
D:7:      layout_basic, temple_green, biasface_ghost_orc_armoury,
          kennysheep_nub, chequers_avenue
D:8:      layout_loops_ring, mainiacjoe_overflow_swirl, minmay_misc_feat_square,
          uniq_amaemon
Temple:   hellmonk_temple_divided_pantheon

Skill      XL: |  1  2  3  4  5  6  7  8  9 |
---------------+----------------------------+-----
Fire Magic     | 3 4 5 7 |  7.6
Conjurations   | 2 3 4 |  4.7
Dodging        | 2 |  2.7
Spellcasting   | 3 4 5 6 7 |  7.1
Fighting       | 1 |  1.2
Maces & Flails | 1 |  1.0
Earth Magic    | 1 |  1.4
Stealth        | |  1.7
Shields        | |  0.1

Action                   |  1- 3 |  4- 6 |  7- 9 || total
-------------------------+-------+-------+-------++-------
Melee: Whip              |     1 |    20 |     4 ||    25
       Kick              |     1 |    11 |     2 ||    14
 Cast: Foxfire           |    77 |    59 |    74 ||   210
       Scorch            |     5 |    12 |    33 ||    50
       Flame Wave        |       |       |     4 ||     4
  Use: Scroll            |       |    11 |     4 ||    15
       Potion            |       |     1 |       ||     1
Armor: Robe              |     5 |     9 |    11 ||    25
Dodge: Dodged            |    24 |    28 |    19 ||    71
Block: Other             |       |       |     9 ||     9

Table legend: (Time is in decaauts)
 A = Elapsed time spent in this place.
 B = Non-inter-level travel time spent in this place.
 C = Inter-level travel time spent in this place.
 D = Time resting spent in this place.
 E = Time spent auto-exploring this place.
 F = Levels seen in this place.
 G = Mean time per level.
                   A        B        C        D        E       F      G
               +--------+--------+--------+--------+--------+-----+--------+
         Total |   7404 |   7224 |    180 |    279 |   5994 |   9 |  822.7 |
       Dungeon |   7355 |   7176 |    179 |    279 |   5988 |   8 |  919.4 |
        Temple |     48 |     48 |      0 |      0 |      6 |   1 |   48.0 |
               +--------+--------+--------+--------+--------+-----+--------+

Top non-repeatable levels by time:
     D:7: 1172 daAuts
     D:6: 1139 daAuts
     D:2: 1049 daAuts
     D:4: 1000 daAuts
     D:1: 952 daAuts
     D:3: 941 daAuts
     D:5: 812 daAuts
     D:8: 287 daAuts
  Temple: 48 daAuts
